 Dungeon Crawl Stone Soup version bcrawl-1.40.1 (webtiles) character file.

Game seed: 1646258165271198330

6173134 Mehrunes the Eclecticist (level 18, -7/149 HPs)
             Began as a Mummy Wizard on Oct 29, 2023.
             Was the Champion of Vehumet.
             Mangled by a +1 battleaxe of flaming (24 damage)
             ... on level 2 of the Elven Halls.
             The game lasted 02:23:30 (46567 turns).

Mehrunes the Eclecticist (Mummy Wizard)            Turns: 46567, Time: 02:23:31

Health: -7/149     AC: 20    Str: 10    XL:     18   Next: 26%
Magic:  33/48      EV: 14    Int: 28    God:    Vehumet [******]
Gold:   1304       SH:  6    Dex: 14    Spells: 4/52 levels left

rFire    . . .     GDR:     33% S - staff of wizardry
rCold    + . .     SeeInvis .   o - +0 buckler {reflect}
rNeg     + + +     Gourm    .   P - +3 swamp dragon scales
rPois    ∞         Faith    .   K - +0 helmet
rElec    .         Spirit   .   W - scarf of Serendipity {repulsion, rC+}
rCorr    .         Reflect  +   d - +2 pair of gloves {Dex+3}
MR       ++...     Clarity  +   N - +2 pair of boots {run}
Stlth    +.........             f - amulet of magic regeneration
HPRegen  0.34/turn              u - ring of magical power
MPRegen  0.69/turn              J - ring "Gufazudgh" {Fire Int+3}

@: about to teleport, very slightly contaminated, repel missiles, quick
A: no food or potions, fire vulnerability, clarity, cold resistance 1, negative
energy resistance 3, torment resistance, unbreathing, strong hexes 1
}: 1/15 runes: decaying
a: Renounce Religion


You were on level 2 of the Elven Halls.
You worshipped Vehumet.
Vehumet was exalted by your worship.
You were not hungry.

You visited 5 branches of the dungeon, and saw 24 of its levels.
You also visited: Bailey.

You collected 2975 gold pieces.
You spent 1671 gold pieces at shops.

Inventory:

Hand Weapons
 b - a +1 dagger of venom
Armour
 d - a +2 pair of gloves of dexterity (worn)
 o - a +0 buckler of reflection (worn)
 s - the +0 ring mail of Music {MR+ Str+3 Int+8}
   (You found it on level 5 of the Dungeon)

   It affects your strength (+3).
   It affects your intelligence (+8).
   It affects your resistance to hostile enchantments.
 K - a +0 helmet (worn)
 N - a +2 pair of boots of running (worn)
 P - +3 swamp dragon scales (worn)
 W - the scarf of Serendipity (worn) {repulsion, rC+}
   (You bought it in a shop on level 10 of the Dungeon)

   It protects you from cold.
Magical Staves
 S - an uncursed staff of wizardry (weapon)
Jewellery
 f - an amulet of magic regeneration (around neck)
 j - an uncursed ring of stealth
 n - an uncursed ring of insulation
 r - an uncursed ring of protection from fire
 u - a ring of magical power (left hand)
 y - an uncursed amulet of faith
 A - a +4 ring of intelligence
 B - an uncursed ring of protection from magic
 C - a +7 ring of dexterity
 J - the ring "Gufazudgh" (right hand) {Fire Int+3}
   (You found it on level 1 of the Lair of Beasts)

   [ring of fire]

   It enhances your fire magic.
   It affects your intelligence (+3).
   It protects you from fire.
   It makes you vulnerable to cold.
 L - an uncursed ring of resist corrosion
 Q - the amulet of Spontaneous Combustion {Spirit rC- rN++ Int+3}
   (You took it off a rakshasa on level 9 of the Dungeon)

   [amulet of guardian spirit]

   It causes incoming damage to be split between your health and magic.
   It affects your intelligence (+3).
   It makes you vulnerable to cold.
   It greatly protects you from negative energy.
 T - a +5 ring of dexterity
Wands
 q - a wand of scattershot (2)
 t - a wand of acid (24)
 w - a wand of clouds (3)
 z - a wand of digging (5)
 F - a wand of flame (52)
 I - a wand of iceblast (37)
 M - a wand of random effects (21)
 O - a wand of disintegration (29)
Scrolls
 c - 3 scrolls of torment
 e - 7 scrolls of teleportation
 g - 4 scrolls of enchant weapon
 h - 4 scrolls of immolation
 l - 4 scrolls of amnesia
 m - 2 scrolls of fog
 v - 6 scrolls of fear
 x - 9 scrolls of remove curse
 D - 2 scrolls of summoning
 E - 3 scrolls of blinking
 G - 2 scrolls of noise
Miscellaneous
 a - a phial of floods
 p - a fan of gales (2/2)
 V - a lightning rod (4/4)


   Skills:
 - Level 15.1 Fighting
 - Level 5.0 Short Blades
 + Level 8.5 Armour
 - Level 9.1 Dodging
 - Level 2.1 Stealth
 + Level 5.4 Shields
 - Level 17.7 Spellcasting
 + Level 11.0 Conjurations
 + Level 4.9 Hexes
   Level 0.7 Summonings
   Level 0.7 Translocations
 - Level 3.0 Transmutations
 + Level 10.5 Fire Magic
 + Level 5.8 Ice Magic
 - Level 1.4 Poison Magic


You had 4 spell levels left.
You knew the following spells:

 Your Spells              Type           Power        Failure   Level  Hunger
a - Orb of Destruction    Conj           ######....   8%          7    N/A
b - Conjure Flame         Conj/Fire      #######.     1%          3    N/A
c - Mephitic Cloud        Conj/Pois/Air  #####...     1%          3    N/A
d - Searing Ray           Conj           ######..     1%          2    N/A
e - Poison Arrow          Conj/Pois      ######....   10%         6    N/A
f - Irradiate             Conj/Tmut      ######....   1%          5    N/A
g - Bolt of Fire          Conj/Fire      #######...   1%          6    N/A
h - Icicle Burst          Conj/Ice       ######....   19%         7    N/A
i - Magic Dart            Conj           ####         1%          1    N/A
j - Ignition              Hex/Fire       ########..   83%         8    N/A

Your spell library contained the following spells:

 Spells                   Type           Power        Failure   Level  Hunger
 Glaciate                 Conj/Ice/Air   ######....   97%         8    N/A
 Lehudib's Crystal Spear  Conj/Erth      ######....   97%         8    N/A
 Sandblast                Erth           ###...       1%          1    N/A
 Slow                     Hex            ######..     1%          1    N/A
 Sticks to Snakes         Tmut           #####...     1%          2    N/A
 Throw Frost              Conj/Ice       ######       1%          2    N/A
 Confuse                  Hex            ######..     1%          3    N/A
 Stone Arrow              Conj/Erth      ######       1%          3    N/A
 Summon Small Mammal      Summ           ####         2%          1    N/A
 Passwall                 Tmut/Erth      ####....     2%          2    N/A
 Infusion                 Chrm           ###.....     3%          1    N/A
 Necrotize                Necr           ###...       3%          1    N/A
 Blink                    Tloc           N/A          3%          2    N/A
 Call Imp                 Summ           ####..       3%          2    N/A
 Poisonous Vapours        Pois/Air       ####..       3%          2    N/A
 Swiftness                Chrm/Air       ###.....     4%          2    N/A
 Cause Fear               Hex            ######....   4%          4    N/A
 Call Canine Familiar     Summ           ####....     7%          3    N/A
 Summon Ice Beast         Ice/Summ       #####...     8%          4    N/A
 Vampiric Draining        Necr           ###.......   9%          3    N/A
 Petrify                  Tmut/Erth      ####......   16%         4    N/A
 Agony                    Necr           ###.....     28%         4    N/A
 Animate Dead             Necr           N/A          28%         4    N/A
 Freezing Cloud           Ice/Air        #####...     7%          5    N/A
 Steam Barrier            Chrm/Fire      ######....   10%         5    N/A
 Lee's Rapid Deconstruct  Erth           ###.......   21%         5    N/A
 Summon Mana Viper        Hex/Summ       ######..     26%         5    N/A
 Invisibility             Hex            ######..     50%         6    N/A
 Summon Lightning Spire   Summ/Air       ####....     54%         5    N/A
 Dispel Undead            Necr           ###.....     58%         5    N/A
 Piercing Shot            Chrm           ###.......   58%         5    N/A
 Infestation              Hex/Tmut/Pois  ######...    75%         6    N/A
 Summon Hydra             Summ           ####......   96%         6    N/A
 Fire Storm               Fire           #######...   99%         9    N/A
 Monstrous Menagerie      Summ           ####......   100%        7    N/A
 Scorpion Form            Tmut/Pois      #####.....   100%        7    N/A
 Dragon's Call            Summ           ####......   100%        9    N/A
 Beastly Appendage        Tmut           Unusable     N/A         1    N/A
 Spider Form              Tmut/Pois      Unusable     N/A         3    N/A
 Ice Form                 Ice/Tmut       Unusable     N/A         4    N/A
 Regeneration             Chrm/Necr      Unusable     N/A         3    N/A
 Blade Hands              Tmut           Unusable     N/A         5    N/A
 Dragon Form              Tmut           Unusable     N/A         7    N/A

Dungeon Overview and Level Annotations

Branches:
Dungeon (12/12)            Temple (0/1) D:5            Lair (6/6) D:8
  Swamp (3/3) Lair:3       Spider (0/3) Lair:4        Slime (0/5) Orc
    Orc (1/1) D:9             Elf (2/3) Lair:6       Vaults (0/3) D:11
 Depths (0/5) D:12

Altars:
Cheibriados
Dithmenos
Gozag
Lugonu
Makhleb
Nemelex Xobeh
Okawaru
Qazlal
Vehumet
Yredelemnul
Jiyva

Shops:
D:7 }   D:9 (   D:10 :[:!(   Orc *(??=

Portals:
Hell: Lair:6

Annotations:
D:3 Grinder
Lair:3 1 runed translucent door, exclusions: 2 elephants and 23 more exclusions, zoran's ghost, journeyman DsAc


Innate Abilities, Weirdness & Mutations

You do not eat or drink.
Your flesh is vulnerable to fire.
You are immune to poison.
You possess an exceptional clarity of mind.
Your flesh is cold resistant. (rC+)
You are immune to negative energy. (rN+++)
You are immune to unholy pain and torment.
You can survive without breathing.
Your hexes are more powerful.


Message History

Press: ? - help, Shift-Dir - straight line, f - +1 battleaxe of flaming
Aim: a +1 battleaxe of flaming (severely damaged)
You miscast Poison Arrow.
You are very lightly contaminated with residual magic.
Nothing appears to happen.
Casting: Poison Arrow (slightly dangerous; 10% risk of failure)
Confirm with . or Enter, or press ? or * to list all spells.
Aiming: Poison Arrow (slightly dangerous; 10% risk of failure)
Press: ? - help, Shift-Dir - straight line, f/p - +1 battleaxe of flaming
Aim: a +1 battleaxe of flaming (severely damaged)
The poison arrow misses the +1 battleaxe of flaming.
The +1 battleaxe of flaming hits you!!
* * * LOW HITPOINT WARNING * * *
The +1 battleaxe of flaming burns you!
* * * LOW HITPOINT WARNING * * *
As you read the scroll of teleportation, it crumbles to dust.
You feel strangely unstable.
You block the +1 battleaxe of flaming's attack.
The +1 battleaxe of flaming hits you!!
You die...

*,* *,* ,,* *,* ***
*,################ *
*,....############
**.......#########
*.........#######
**..........######
***,......)...######
*****,,,.......@..######
**,,,,,*,.......(<#######
,,,,*****.........>.#####
,>,,* *#.....####.#####
**,,*****##...#####.#####
,,,,,,,,,....######.#####
,*,,*,,,,...#######.#####
,,,,*,,,,..[#######.#####
,,,,,,,,,,..#######.#####


You could see a +1 battleaxe of flaming.

Vanquished Creatures
  Gastronok (Lair:2)
  2 bone dragons (Swamp:3)
  A wendigo (Swamp:3)
  3 thorn hunters
  4 ghouls (Swamp:3)
  2 frost giants (D:10)
  2 orc warlords
  A deep elf sorcerer (Elf:1)
  A vampire knight (Swamp:3)
  A deep elf annihilator (Elf:1)
  A merfolk javelineer (Orc)
  Urug (Lair:1)
  A fire dragon (D:12)
  A quicksilver dragon zombie (Swamp:3)
  Harold (Lair:1)
  A rakshasa (D:9)
  An ice dragon (D:12)
  5 shambling mangroves (Swamp:3)
  21 hydras
  7 ghost crabs (Swamp:3)
  4 catoblepae
  An ogre mage (D:12)
  Sonja (Lair:2)
  The ghost of WandererXX the Blocker, a journeyman DsWn of Okawaru (Orc)
  8 two-headed ogres
  13 alligators
  5 tengu warriors
  14 dancing weapons (Elf:1)
  A queen ant (Lair:5)
  5 death yaks
  3 orc high priests (Orc)
  9 deep elf knights (Elf:1)
  A sixfirhy (Lair:6)
  A goliath frog (Lair:4)
  4 centaur warriors
  2 anaconda zombies (Swamp:3)
  5 spriggan druids
  4 spectral hydras
  2 unseen horrors
  2 wizards
  Pikel (D:7)
  2 flayed ghosts
  7 swamp dragons
  A wolf spider zombie (D:11)
  6 deep elf archers
  2 necromancers
  7 ugly things
  6 cyclopes
  11 orc knights
  35 deep elf magi
  6 orc sorcerers (Orc)
  3 oklob plants (Swamp:3)
  2 manticores
  12 elephants
  11 will-o'-wisps (Swamp:1)
  6 black mambas
  A torpor snail (Lair:6)
  A smoke demon (Lair:6)
  2 orange demons (Lair:6)
  2 molten gargoyles
  A gargoyle (D:9)
  12 cane toads
  5 rime drakes (Lair:6)
  A kobold demonologist (D:12)
  5 yaktaurs
  2 eyes of draining
  6 komodo dragons
  An efreet (D:11)
  2 freezing wraiths (Swamp:3)
  7 trolls
  2 red devils (Lair:6)
  2 ice devils (Lair:6)
  A hydra zombie (Swamp:3)
  5 polar bears
  A tengu conjurer (D:12)
  17 hornets
  5 tyrant leeches
  9 blink frogs
  A hydra skeleton (Swamp:3)
  15 slime creatures
  4 harpy skeletons
  6 bog bodies
  7 dream sheep (Lair:4)
  Grum (Lair:3)
  12 hippogriffs
  2 air elementals (Elf:1)
  A shadow (D:12)
  2 wyverns
  A vampire (D:8)
  6 spriggans
  Eustachio (D:4)
  30 vampire mosquitoes
  6 basilisks
  26 yaks
  A fire elemental (Elf:1)
  4 hungry ghosts
  2 wargs
  A steam dragon (D:7)
  16 swamp worms
  2 acid dragons (D:12)
  9 crocodiles
  4 water moccasins
  3 hell hounds (Lair:6)
  8 porcupines
  21 soldier ants
  2 ice beasts
  35 orc warriors
  5 swamp drakes
  3 phantoms
  A sky beast (D:8)
  2 black bears
  2 slaves (D:7)
  22 wolves
  The ghost of yrara the Cudgeler, an amateur DsFi (D:3)
  11 ogres
  18 bullfrogs
  7 kobold brigands
  A gnoll sergeant (D:7)
  An earth elemental (Elf:1)
  8 centaurs
  6 scorpions
  5 killer bees
  18 wights
  An electric eel (Lair:3)
  3 howler monkeys
  18 orc priests
  5 lava snakes (Lair:5)
  14 crimson imps
  4 jellies
  24 orc wizards
  Crazy Yiuf (D:4)
  7 hounds
  2 bullfrog skeletons
  2 bullfrog zombies
  6 iguanas
  An iron imp (D:5)
  32 worker ants
  2 lightning spires (Swamp:1)
  A polar bear simulacrum (Lair:6)
  6 yak simulacra (Lair:6)
  A wolf simulacrum (Lair:6)
  2 hound skeletons
  3 worker ant zombies
  23 gnolls
  20 adders
  3 shadow imps
  An ooze (D:4)
  3 adder skeletons
  3 worms
  2 dart slugs (D:2)
  2 leopard geckos
  99 orcs
  4 ball pythons
  2 giant cockroaches
  22 goblins
  28 hobgoblins
  12 jackals
  30 kobolds
  7 quokkas
  5 bats
  5 frilled lizards
  2 rats (D:2)
  3 river rat simulacra (Lair:6)
  2 ball lightnings (Swamp:1)
  7 fulminant prisms
  5 fungi
  3 plants
1120 creatures vanquished.

Vanquished Creatures (collateral kills)
  A hydra zombie (Swamp:3)
  A jackal (D:5)
2 creatures vanquished.

Vanquished Creatures (others)
  A swamp drake (Swamp:3)
  2 slaves (D:7)
  A wight (D:7)
  A shadow imp (D:7)
  114 fulminant prisms
  24 fungi
  44 plants
187 creatures vanquished.

Grand Total: 1309 creatures vanquished

Notes
Turn   | Place    | Note
-------+----------+-------------------------------------------
     0 | D:1      | Mehrunes the Mummy Wizard began the quest for the Orb.
     0 | D:1      | Reached XP level 1. HP: 13/13 MP: 5/5
   286 | D:1      | Reached skill level 1 in Conjurations
   300 | D:1      | Reached XP level 2. HP: 19/20 MP: 1/7
   900 | D:2      | Found an opulent altar of Gozag.
   961 | D:2      | Found a sparkling altar of Nemelex Xobeh.
   970 | D:2      | Reached skill level 1 in Fighting
  1064 | D:2      | Reached XP level 3. HP: 26/26 MP: 4/8
  1792 | D:2      | Found a shadowy altar of Dithmenos.
  2074 | D:2      | Found a basalt altar of Yredelemnul.
  2170 | D:3      | Reached XP level 4. HP: 23/32 MP: 4/10
  2777 | D:3      | Reached skill level 1 in Short Blades
  3037 | D:3      | Reached XP level 5. HP: 34/38 MP: 3/12
  3255 | D:3      | Learned a level 3 spell: Conjure Flame
  3259 | D:3      | Learned a level 3 spell: Mephitic Cloud
  3745 | D:3      | Noticed Grinder
  3997 | D:3      | Reached skill level 5 in Spellcasting
  4397 | D:4      | Got a twisted mace
  4402 | D:4      | Found a runed door.
  4406 | D:4      | Noticed Crazy Yiuf
  4419 | D:4      | Killed Crazy Yiuf
  4420 | D:4      | Reached XP level 6. HP: 4/46 MP: 11/13
  5586 | D:4      | Reached XP level 7. HP: 41/52 MP: 13/15
  5779 | D:4      | Found a radiant altar of Vehumet.
  5782 | D:4      | Found a corrupted altar of Lugonu.
  5783 | D:4      | Noticed Eustachio
  5804 | D:4      | Killed Eustachio
  5805 | D:4      | Reached skill level 6 in Spellcasting
  5843 | D:4      | Became a worshipper of Vehumet
  6078 | D:5      | Entered Level 5 of the Dungeon
  6671 | D:5      | Found a staircase to the Ecumenical Temple.
  7181 | D:4      | Reached XP level 8. HP: 51/60 MP: 5/17
  7593 | D:5      | Got a transparent ring mail
  8253 | D:5      | Reached * piety under Vehumet
  8253 | D:5      | Offered knowledge of Freeze by Vehumet.
  8329 | D:5      | Found a glowing silver altar of Zin.
  8584 | D:5      | Found a snail-covered altar of Cheibriados.
  8707 | D:6      | Got a thick robe
  8713 | D:6      | Noticed a hippogriff
  8739 | D:6      | Killed a hippogriff
  8744 | D:6      | Reached skill level 7 in Spellcasting
  9258 | D:6      | Reached skill level 5 in Fighting
  9499 | D:6      | Offered knowledge of Searing Ray by Vehumet.
  9500 | D:6      | Reached XP level 9. HP: 66/68 MP: 14/20
  9503 | D:6      | Learned a level 2 spell: Searing Ray
  9785 | D:3      | Found a runed translucent door.
  9786 | D:3      | Noticed yrara's ghost (amateur DsFi)
  9964 | D:3      | Killed yrara's ghost
  9964 | D:3      | Reached ** piety under Vehumet
 10884 | D:6      | Identified the +2 robe of Hidghae {rC+} (You found it on
                  | level 6 of the Dungeon)
 10894 | D:6      | Identified the cursed +0 ring mail of Music {MR+ Str+3
                  | Int+8} (You found it on level 5 of the Dungeon)
 11037 | D:7      | Reached skill level 5 in Dodging
 11038 | D:7      | Reached skill level 8 in Spellcasting
 11304 | D:7      | Reached skill level 5 in Conjurations
 11305 | D:7      | Offered knowledge of Inner Flame by Vehumet.
 11562 | D:7      | Found Mufo's Gadget Boutique.
 11622 | D:7      | Noticed Pikel
 11637 | D:7      | Killed Pikel
 11638 | D:7      | Reached skill level 5 in Short Blades
 11693 | D:7      | Reached *** piety under Vehumet
 11702 | D:7      | Reached XP level 10. HP: 72/77 MP: 13/22
 11893 | D:7      | Reached skill level 9 in Spellcasting
 13212 | D:8      | Offered knowledge of Fulminant Prism by Vehumet.
 13597 | D:8      | Learned a level 4 spell: Fulminant Prism
 13878 | D:8      | Reached **** piety under Vehumet
 14024 | D:8      | Offered knowledge of Irradiate by Vehumet.
 14025 | D:8      | Reached skill level 10 in Spellcasting
 14031 | D:8      | Learned a level 5 spell: Irradiate
 14675 | D:8      | Noticed a brown ugly thing
 14691 | D:8      | Killed a brown ugly thing
 14865 | D:8      | Reached XP level 11. HP: 86/86 MP: 25/25
 15115 | D:8      | Noticed a two-headed ogre
 15128 | D:8      | Killed a two-headed ogre
 15129 | D:8      | Reached skill level 1 in Transmutations
 15500 | D:8      | Found a staircase to the Lair.
 15615 | D:8      | Killed an unseen horror
 15616 | D:8      | Noticed a cyclops
 15631 | D:8      | Killed a cyclops
 15776 | D:9      | Noticed a brown ugly thing
 15776 | D:9      | Noticed an orc knight
 15797 | D:8      | Killed a brown ugly thing
 16162 | D:9      | Found Qith's Weapon Shop.
 16260 | D:9      | Identified the Reference Book on Talismans and the Glacier
 16286 | D:9      | Noticed a tengu warrior
 16493 | Lair:1   | Entered Level 1 of the Lair of Beasts
 16797 | Lair:1   | Got an ichor-stained leather armour
 16798 | Lair:1   | Identified the +2 leather armour of the Pleiades {Regen+}
                  | (You found it on level 1 of the Lair of Beasts)
 16960 | Lair:1   | Reached skill level 1 in Fire Magic
 17172 | Lair:1   | Noticed Urug
 17183 | Lair:1   | Killed Urug
 17573 | Lair:1   | Reached ***** piety under Vehumet
 17574 | Lair:1   | Reached skill level 1 in Armour
 17574 | Lair:1   | Reached skill level 1 in Poison Magic
 17594 | Lair:1   | Noticed Harold
 17611 | Lair:1   | Killed Harold
 17611 | Lair:1   | Offered knowledge of Lightning Bolt by Vehumet.
 17612 | Lair:1   | Reached skill level 11 in Spellcasting
 17910 | Lair:1   | Got a scorched brass ring
 18108 | Lair:2   | Noticed a seven-headed hydra
 18129 | Lair:1   | Identified the ring "Gufazudgh" {Fire Int+3} (You found it
                  | on level 1 of the Lair of Beasts)
 18392 | Lair:2   | Killed a seven-headed hydra
 18393 | Lair:2   | Reached XP level 12. HP: 70/95 MP: 13/27
 18540 | Lair:2   | Noticed a death yak
 18540 | Lair:2   | Noticed a death yak
 18555 | Lair:2   | Noticed a death yak
 18556 | Lair:2   | Noticed a death yak
 18558 | Lair:2   | Killed a death yak
 18678 | Lair:1   | Learned a level 6 spell: Bolt of Fire
 18795 | Lair:2   | Noticed a seven-headed hydra
 18801 | Lair:2   | Killed a seven-headed hydra
 19085 | Lair:2   | Noticed Sonja
 19106 | Lair:2   | Killed Sonja
 19257 | Lair:2   | Noticed a five-headed hydra
 19271 | Lair:2   | Killed a five-headed hydra
 19625 | Lair:2   | Killed a death yak
 19644 | Lair:2   | Killed a death yak
 19765 | Lair:2   | Noticed Gastronok
 19784 | Lair:2   | Killed Gastronok
 19785 | Lair:2   | Reached skill level 10 in Fighting
 19785 | Lair:2   | Reached skill level 12 in Spellcasting
 20173 | Lair:3   | Noticed Grum
 20183 | Lair:3   | Killed Grum
 20184 | Lair:3   | Noticed an eight-headed hydra
 20371 | Lair:3   | Reached XP level 13. HP: 82/103 MP: 21/29
 21828 | Lair:3   | Found a staircase to the Swamp.
 22292 | Lair:3   | Found a runed translucent door.
 22472 | Lair:3   | Noticed zoran's ghost (journeyman DsAc)
 22837 | Lair:4   | Reached skill level 5 in Fire Magic
 22904 | Lair:4   | Reached skill level 5 in Armour
 23156 | Lair:4   | Found a hole to the Spider Nest.
 23262 | Lair:4   | Offered knowledge of Throw Icicle by Vehumet.
 23764 | Lair:5   | Reached skill level 13 in Spellcasting
 25198 | Lair:6   | Entered Level 6 of the Lair of Beasts
 25241 | Lair:6   | Reached XP level 14. HP: 112/113 MP: 29/31
 25722 | Lair:6   | Offered knowledge of Iskenderun's Battlesphere by Vehumet.
 25741 | Lair:6   | Learned a level 5 spell: Iskenderun's Battlesphere
 25833 | Lair:6   | Reached skill level 10 in Conjurations
 25980 | Lair:6   | Found a staircase to the Elven Halls.
 26561 | Lair:6   | Found a large runed door.
 26561 | Lair:6   | Found a large runed door.
 26899 | Lair:6   | Found a burning altar of Makhleb.
 26926 | Lair:6   | Reached skill level 14 in Spellcasting
 27312 | Lair:6   | Found a gateway to Hell.
 27320 | Lair:6   | Got a fine great sword
 27781 | D:9      | Identified the amulet of Spontaneous Combustion {Spirit rC-
                  | rN++ Int+3}
 28365 | D:9      | Found a staircase to the Orcish Mines.
 28497 | D:9      | Identified Gaaneg's Reference Book on Enchantment and
                  | Poison
 28742 | D:10     | Entered Level 10 of the Dungeon
 28831 | D:10     | Found Rishyinkoanu's Weapon Boutique.
 29134 | D:10     | Found Ockaohodae's Distillery.
 29147 | D:10     | Found Woshat's Book Shop.
 29305 | D:10     | Found a stormy altar of Qazlal.
 29475 | D:10     | Found a runed door.
 29493 | D:10     | Identified the cursed +1 dagger "Wylapn Ruopn" {flame,
                  | rPois MR+}
 29493 | D:10     | Noticed a frost giant
 29497 | D:10     | Killed a frost giant
 29498 | D:10     | Reached XP level 15. HP: 93/122 MP: 32/33
 29502 | D:10     | Noticed a frost giant
 29506 | D:10     | Killed a frost giant
 29795 | D:10     | Found Cadgha's Book Shoppe.
 29883 | D:10     | Found Inuth's Armour Boutique.
 29891 | D:10     | Bought the scarf of Serendipity {repulsion, rC+} for 336
                  | gold pieces
 30201 | D:11     | Offered knowledge of Orb of Destruction by Vehumet.
 30214 | D:11     | Learned a level 7 spell: Orb of Destruction
 30781 | D:11     | Found a gate to the Vaults.
 31133 | D:11     | Identified the +9 great sword "Lacertilian's Demise"
                  | {distort, rPois rN+} (You found it on level 6 of the Lair
                  | of Beasts)
 31270 | D:12     | Entered Level 12 of the Dungeon
 31429 | D:12     | Found a flagged portal.
 31443 | Bailey   | Entered a bailey
 31614 | Bailey   | Offered knowledge of Poison Arrow by Vehumet.
 31688 | Bailey   | Noticed an orc warlord
 31691 | Bailey   | Killed an orc warlord
 31805 | Bailey   | Reached skill level 15 in Spellcasting
 31985 | Bailey   | Identified a +0 pair of boots of running (You found it in a
                  | bailey)
 33185 | D:12     | Found a staircase to the Depths.
 33220 | D:12     | Learned a level 6 spell: Poison Arrow
 33602 | Orc      | Entered the Orcish Mines
 33635 | D:9      | Reached ****** piety under Vehumet
 33635 | D:9      | Offered knowledge of Icicle Burst by Vehumet.
 33996 | Orc      | Found Zypt's Antique Weapon Shop.
 33996 | Orc      | Found Deciont's General Store.
 33997 | Orc      | Found Jekuson's Magic Scroll Emporium.
 33997 | Orc      | Found Bucosiw's Magic Scroll Emporium.
 34031 | Orc      | Bought a scroll of acquirement for 624 gold pieces
 34032 | Orc      | Identified the scarf "Wuh Puosyck" {stasis, rPois rC+
                  | Stlth+} (You acquired it in the Orcish Mines)
 34032 | Orc      | Identified the ring of the Snail {+Fly rC+} (You acquired
                  | it in the Orcish Mines)
 34037 | Orc      | Identified the scarf of Shadows and Fog {Spirit, Int-5
                  | Dex+6} (You acquired it in the Orcish Mines)
 34037 | Orc      | Identified the Incunabulum of the Snowflakes and Companions
                  | (You acquired it in the Orcish Mines)
 34042 | Orc      | Bought a scroll of blinking for 97 gold pieces
 34042 | Orc      | Bought a scroll of blinking for 97 gold pieces
 34123 | Orc      | Found Goyc's Jewellery Boutique.
 34145 | Orc      | Reached XP level 16. HP: 131/131 MP: 35/35
 34166 | Orc      | Learned a level 7 spell: Icicle Burst
 34328 | Orc      | Found a staircase to the Slime Pits.
 34328 | Orc      | Found a viscous altar of Jiyva.
 34417 | Orc      | Found a runed translucent gate.
 34420 | Orc      | Found a runed translucent gate.
 34421 | Orc      | Noticed WandererXX's ghost (journeyman DsWn)
 34422 | Orc      | Found a runed translucent gate.
 34424 | Orc      | Found an iron altar of Okawaru.
 34665 | Orc      | Killed WandererXX's ghost
 35090 | Swamp:1  | Entered Level 1 of the Swamp
 35334 | Swamp:1  | Got a heavy robe
 35340 | Swamp:1  | Identified the cursed +1 robe of a bazaar {rC++} (You found
                  | it on level 1 of the Swamp)
 35567 | Swamp:1  | Got a fine chain mail
 35897 | Swamp:1  | Reached skill level 1 in Ice Magic
 35913 | Swamp:1  | Reached skill level 16 in Spellcasting
 35913 | Swamp:1  | Offered knowledge of Conjure Ball Lightning by Vehumet.
 36661 | Swamp:2  | Noticed a thorn hunter
 36665 | Swamp:2  | Killed a thorn hunter
 36798 | Swamp:2  | Identified the +5 short sword of Bomuab {venom, rPois rC++
                  | MP-9 Stlth+}
 36939 | Swamp:2  | Noticed a thorn hunter
 36942 | Swamp:2  | Killed a thorn hunter
 37001 | Swamp:2  | Got a twitching jade ring
 37002 | Swamp:2  | Identified the cursed ring "Kafaqe" {Fire Str+3} (You found
                  | it on level 2 of the Swamp)
 37078 | Swamp:2  | Reached skill level 1 in Shields
 37975 | Swamp:3  | Entered Level 3 of the Swamp
 38208 | Orc      | Bought a scroll of revelation for 52 gold pieces
 38208 | Orc      | Bought a scroll of teleportation for 39 gold pieces
 38208 | Orc      | Bought a scroll of summoning for 130 gold pieces
 38208 | Orc      | Bought a scroll of amnesia for 45 gold pieces
 38912 | Swamp:3  | Offered knowledge of Lehudib's Crystal Spear by Vehumet.
 38912 | Swamp:3  | Offered knowledge of Glaciate by Vehumet.
 38912 | Swamp:3  | Offered knowledge of Ignition by Vehumet.
 38959 | Swamp:3  | Learned a level 8 spell: Ignition
 39388 | Swamp:3  | Noticed a wendigo
 39394 | Swamp:3  | Killed a wendigo
 39453 | Swamp:3  | Reached skill level 1 in Hexes
 39628 | Swamp:3  | Reached XP level 17. HP: 139/139 MP: 30/37
 39988 | Orc      | Bought a scroll of enchant armour for 112 gold pieces
 39988 | Orc      | Bought a scroll of enchant armour for 112 gold pieces
 40846 | Swamp:3  | Noticed a bone dragon
 40850 | Swamp:3  | Killed a bone dragon
 40914 | Swamp:3  | Noticed a bone dragon
 40924 | Swamp:3  | Killed a bone dragon
 40925 | Swamp:3  | Reached skill level 17 in Spellcasting
 41302 | Swamp:3  | Reached skill level 5 in Ice Magic
 41622 | Orc      | Bought a scroll of noise for 12 gold pieces
 41632 | Orc      | Bought a scroll of noise for 15 gold pieces
 41942 | Swamp:3  | Reached skill level 10 in Fire Magic
 42250 | Swamp:3  | Found a blossoming altar of Fedhas.
 42301 | Swamp:3  | Got a decaying rune of Zot
 42321 | Swamp:3  | Found a basalt altar of Yredelemnul.
 42923 | Elf:1    | Entered Level 1 of the Elven Halls
 44058 | Elf:1    | Reached skill level 5 in Shields
 44058 | Elf:1    | Reached XP level 18. HP: 117/148 MP: 10/39
 44231 | Elf:1    | Reached skill level 15 in Fighting
 45236 | Elf:1    | Identified the Collected Works on Creative Combat Magic
 46567 | Elf:2    | Mangled by a +1 battleaxe of flaming

Skill      XL: |  1  2  3  4  5  6  7  8  9 10 11 12 13 14 15 16 17 18 |
---------------+-------------------------------------------------------+-----
Conjurations   | 1 2 3 4 5 6 7 8 9 10 11 | 11.0
Fighting       | 1 2 3 4 5 6 8 9 10 11 12 13 14 15 | 15.1
Dodging        | 2 3 4 5 6 7 8 9 |  9.1
Short Blades   | 1 2 4 5 |  5.0
Spellcasting   | 5 6 7 8 10 11 12 13 14 15 16 17 | 17.7
Transmutations | 3 |  3.0
Fire Magic     | 1 4 5 7 9 10 | 10.5
Armour         | 1 4 5 7 8 |  8.5
Poison Magic   | 1 |  1.4
Ice Magic      | 4 5 |  5.8
Shields        | 2 5 |  5.4
Hexes          | 1 4 |  4.9
Stealth        | |  2.1
Summonings     | |  0.7
Translocations | |  0.7

Action                   |  1- 3 |  4- 6 |  7- 9 | 10-12 | 13-15 | 16-18 || total
-------------------------+-------+-------+-------+-------+-------+-------++-------
Melee: Staff             |     5 |       |       |       |       |     5 ||    10
       Dagger            |    13 |    52 |   135 |    19 |   234 |       ||   453
 Fire: Blowgun           |    39 |    31 |     3 |       |       |       ||    73
 Cast: Magic Dart        |   102 |   160 |   264 |    63 |    40 |       ||   629
       Mephitic Cloud    |       |     8 |    19 |     9 |     4 |       ||    40
       Conjure Flame     |       |     1 |    10 |     8 |       |       ||    19
       Searing Ray       |       |       |    20 |   102 |    22 |     5 ||   149
       Fulminant Prism   |       |       |       |    43 |    78 |       ||   121
       Irradiate         |       |       |       |    10 |    33 |    23 ||    66
       Bolt of Fire      |       |       |       |       |   351 |   253 ||   604
       Iskenderun's Batt |       |       |       |       |    56 |       ||    56
       Orb of Destructio |       |       |       |       |    26 |    51 ||    77
       Poison Arrow      |       |       |       |       |    14 |   166 ||   180
       Icicle Burst      |       |       |       |       |       |    12 ||    12
Evoke: Wand              |       |       |       |     1 |     1 |     1 ||     3
       Fan of gales      |       |       |       |     1 |       |       ||     1
       Phantom mirror    |       |       |       |       |       |     1 ||     1
  Use: Scroll            |       |       |     7 |     9 |    14 |    13 ||    43
 Stab: Confused          |       |     3 |    14 |     2 |     1 |       ||    20
       Sleeping          |       |       |     1 |       |       |       ||     1
Armor: Robe              |    14 |    30 |    39 |    18 |       |       ||   101
       Ring mail         |       |       |     2 |    51 |   154 |    46 ||   253
       Swamp dragon scal |       |       |       |       |       |    67 ||    67
Dodge: Dodged            |    61 |    89 |   162 |   172 |   306 |   142 ||   932
       Deflected         |       |       |       |       |    10 |    11 ||    21
Block: Buckler           |       |       |       |       |       |    13 ||    13
